 Dungeon Crawl Stone Soup version 0.31-a0-339-gda1cbd555d (webtiles) character file.

Game seed: 10679793029618951144

12725 drugrobin the Severer (level 11, -9/85 HPs)
             Began as a Demigod Delver on July 20, 2023.
             Mangled by a white ugly thing (15 damage)
             ... on level 10 of the Dungeon.
             The game lasted 00:27:10 (10643 turns).

drugrobin the Severer (Demigod Delver)             Turns: 10643, Time: 00:27:11

Health: -9/85      AC: 13    Str: 25    XL:     11   Next: 39%
Magic:  0/14       EV:  9    Int: 12    God:
Gold:   574        SH:  0    Dex: 15    Spells: 8/10 levels left

rFire   . . .        a - +3 war axe "Roopporgh" {elec, Fly}
rCold   . . .        (no shield)
rNeg    . . .        x - +0 chain mail
rPois   +            K - +1 helmet
rElec   .            (no cloak)
rCorr   .            R - +0 pair of gloves
SInv    +            O - +0 pair of boots
Will    +....        Q - amulet of guardian spirit Stlth
                     m - ring of poison resistance
HPRegen 0.34/turn    J - ring of see invisible
MPRegen 0.14/turn

%: guardian spirit
@: flying
A: high MP 1, forlorn, divine attributes
a: no special abilities


You were on level 10 of the Dungeon.
You visited 1 branch of the dungeon, and saw 10 of its levels.
You also visited: Bailey.

You collected 784 gold pieces.
You spent 210 gold pieces at shops.

Inventory:

Hand Weapons
 a - the +3 war axe "Roopporgh" (weapon) {elec, Fly}
   (You found it on level 2 of the Dungeon)

   Fly:       It grants you flight.
 b - a +0 mace of venom
 c - a +0 sling
 F - a +3 hand axe
Missiles
 q - 45 javelins
 u - 4 boomerangs of dispersal
 z - 12 poisoned darts (quivered)
 X - a curare-tipped dart
Armour
 d - a +0 leather armour
 x - a +0 chain mail (worn)
 K - a +1 helmet (worn)
 O - a +0 pair of boots (worn)
 R - a +0 pair of gloves (worn)
Magical Staves
 Y - a staff of conjuration
Jewellery
 m - a ring of poison resistance (left hand)
 J - a ring of see invisible (right hand)
 Q - an amulet of guardian spirit (around neck)
 W - an amulet of reflection
Talismans
 h - a serpent talisman
 s - a blade talisman
 A - a beast talisman
Wands
 g - a wand of digging (3)
 j - a wand of paralysis (4)
 L - a wand of roots (25)
 M - a wand of light (6)
 T - a wand of flame (9)
Scrolls
 e - 3 scrolls of fear
 k - 3 scrolls of brand weapon {unknown}
 l - 5 scrolls of revelation
 n - 5 scrolls of teleportation {unknown}
 o - 10 scrolls of identify {unknown}
 r - a scroll of fog
 t - a scroll of torment {unknown}
 y - 2 scrolls of immolation {unknown}
 H - 2 scrolls of vulnerability {unknown}
 I - a scroll of summoning {unknown}
 N - 2 scrolls of poison {unknown}
 P - a scroll of silence {unknown}
 S - 4 scrolls of enchant armour
 V - a scroll of blinking {unknown}
Potions
 f - 4 potions of lignification
 i - a potion of heal wounds
 p - a potion of attraction {unknown}
 v - 6 potions of curing
 w - a potion of invisibility {unknown}
 B - a potion of degeneration
 C - a potion of might
 D - a potion of brilliance
 E - 3 potions of magic {unknown}
 G - 2 potions of mutation {unknown}
 U - a potion of enlightenment {unknown}
 Z - a potion of ambrosia


   Skills:
 + Level 4.8 Fighting
 - Level 15.9(16.0) Axes
 - Level 2.5(10.7) Maces & Flails
 + Level 3.8 Armour
 - Level 1.7 Dodging
 - Level 4.5 Stealth


You had 8 spell levels left.
You knew the following spells:

 Your Spells              Type           Power      Damage    Failure   Level
a - Wereblood             Tmut           0%         N/A       95%         2

Your spell library contained the following spells:

 Spells                   Type           Power      Damage    Failure   Level
 Slow                     Hex            0%         N/A       86%         1
 Blink                    Tloc           0%         N/A       95%         2
 Cigotuvi's Dreadful Rot  Necr/Pois/Air  0%         N/A       95%         2
 Ensorcelled Hibernation  Hex/Ice        0%         N/A       95%         2
 Sublimation of Blood     Necr           0%         N/A       95%         2
 Confusing Touch          Hex            0%         N/A       99%         3
 Dazzling Flash           Conj/Hex       0%         N/A       99%         3
 Ozocubu's Armour         Ice            0%         N/A       99%         3
 Vampiric Draining        Necr           0%         2d6       99%         3
 Volatile Blastmotes      Fire/Tloc      0%         2d10      99%         3
 Anguish                  Hex/Necr       0%         N/A       100%        4
 Dispel Undead            Necr           0%         3d6       100%        4
 Manifold Assault         Tloc           0%         N/A       100%        4
 Death Channel            Necr           0%         N/A       100%        6
 Starburst                Conj/Fire      0%         6d3       100%        6
 Ozocubu's Refrigeration  Ice            0%         4d7       100%        7
 Summon Hydra             Summ           0%         N/A       100%        7
 Maxwell's Capacitive Co  Air            0%         ∞         100%        8


Dungeon Overview and Level Annotations

Branches:
Dungeon (10/15)            Temple (0/1) D:4            Lair (0/5) D:8
 Bailey (visited)
    Orc: D:9-12

Shops:
D:4 !   D:6 =   D:9 *

Annotations:
D:5 2 transporters, Dittersdorf's ghost, novice GrFi
D:7 2 transporters, BaconRulez's ghost, novice MiBe
D:10 Grum


Innate Abilities, Weirdness & Mutations

You have an increased reservoir of magic. (+10% MP)
You shall have no god before yourself.
Your divine heritage dramatically boosts your attributes as you level up.


Message History

The white ugly thing is severely wounded.
You hit the white ugly thing.
The white ugly thing is severely wounded.
The white ugly thing claws you but does no damage.
You hit the white ugly thing.
The white ugly thing is severely wounded.
The white ugly thing claws you but does no damage.
You hit the white ugly thing but do no damage.
The white ugly thing is severely wounded.
The white ugly thing claws you. The white ugly thing freezes you!!
You completely miss the white ugly thing.
The white ugly thing is severely wounded.
You completely miss the white ugly thing.
The white ugly thing is severely wounded.
The white ugly thing barely misses you.
You barely miss the white ugly thing.
The white ugly thing is severely wounded.
The white ugly thing claws you but does no damage.
You barely miss the white ugly thing.
The white ugly thing is severely wounded.
You hit the white ugly thing.
The white ugly thing is severely wounded.
The white ugly thing claws you! The white ugly thing freezes you!!
* * * LOW HITPOINT WARNING * * *
Unknown command.
Aiming: Paralyse
Press: ? - help, Shift-Dir - straight line, f - white ugly thing
Aim: a white ugly thing (severely wounded, chance to affect: 31%)
Okay, then.
Unknown command.
Unknown command.
Aiming: Bolt of Light
Press: ? - help, Shift-Dir - straight line, f - white ugly thing
Aim: a white ugly thing (severely wounded, 71% to hit)
The bolt of light hits the white ugly thing!
The white ugly thing is severely wounded.
The white ugly thing is blinded.
The white ugly thing claws you.
* * * LOW HITPOINT WARNING * * *
The white ugly thing freezes you!
You die...

##################
#>...............#
#..#....########..
#..#....# ###
#..'.)..# #
#.##....#
#.##....#
#@##....#****#####
#u##....+,,,......
#.##....#***######
#.##....#
#.####### #.#
**#.# *,..# ***
*,### **,**


You could see a white ugly thing (blind).

Vanquished Creatures
  A two-headed ogre (D:7)
  Urug (D:10)
  Pikel (D:6)
  An unseen horror zombie (D:9)
  A komodo dragon (D:10)
  A troll (D:9)
  A hornet (D:9)
  A spriggan (shapeshifter) (D:8)
  A shadow (D:10)
  4 wyverns
  14 yaks
  A steam dragon (D:7)
  4 vampire mosquitoes (D:10)
  5 water moccasins
  3 black bears
  An ice beast (D:6)
  2 sky beasts
  12 orc warriors
  2 ogres (D:7)
  16 centaurs
  2 lemures (D:6)
  A phantom (D:3)
  2 kobold brigands
  3 bullfrogs (D:8)
  A gnoll sergeant (D:7)
  4 necrophages (D:9)
  4 scorpions
  2 wights
  12 killer bees
  7 howler monkeys
  6 orc priests
  3 hounds
  A gnoll bouda (D:9)
  2 sleepcaps
  A human zombie (D:9)
  11 orc wizards
  3 iguanas
  2 killer bee zombies (D:9)
  3 mummies (D:9)
  A howler monkey zombie (D:9)
  8 adders
  4 gnolls (D:9)
  A river rat (D:8)
  2 shadow imps
  5 white imps
  An ufetubus (D:4)
  3 worms
  48 orcs
  10 ball pythons
  3 bats
  13 endoplasms
  9 giant cockroaches
  12 goblins
  11 hobgoblins
  3 jackals (D:5)
  19 kobolds
  5 quokkas
  A frilled lizard (D:3)
  11 rats
313 creatures vanquished.

Notes
Turn   | Place    | Note
-------+----------+-------------------------------------------
     0 | D:5      | drugrobin the Demigod Delver began the quest for the Orb.
     0 | D:5      | Reached XP level 1. HP: 18/18 MP: 3/3
     4 | D:5      | Noticed a scorpion
    25 | D:5      | Found a transporter.
    59 | D:4      | Noticed a howler monkey
   180 | D:2      | Identified the +3 war axe "Roopporgh" {elec, Fly}
   209 | D:2      | Reached XP level 2. HP: 25/25 MP: 4/4
   320 | D:1      | Reached skill level 1 in Axes
   611 | D:1      | Reached XP level 3. HP: 28/30 MP: 5/5
   728 | D:1      | Reached skill level 2 in Axes
  1063 | D:1      | Reached skill level 3 in Axes
  1063 | D:1      | Reached XP level 4. HP: 25/37 MP: 6/6
  1433 | D:2      | Learned a level 2 spell: Wereblood
  1706 | D:3      | Noticed a phantom
  1719 | D:3      | Killed a phantom
  1720 | D:3      | Reached skill level 4 in Axes
  1720 | D:3      | Reached XP level 5. HP: 38/42 MP: 7/7
  2020 | D:3      | Reached skill level 5 in Axes
  2383 | D:3      | Reached XP level 6. HP: 42/43 MP: 8/8
  2590 | D:4      | Found Wismy's Distillery.
  2642 | D:4      | Bought a potion of curing for 42 gold pieces
  2642 | D:4      | Bought a potion of degeneration for 14 gold pieces
  2642 | D:4      | Bought a potion of might for 56 gold pieces
  2642 | D:4      | Bought a potion of lignification for 42 gold pieces
  2642 | D:4      | Bought a potion of brilliance for 56 gold pieces
  2931 | D:4      | Found a staircase to the Ecumenical Temple.
  3109 | D:4      | Reached skill level 6 in Axes
  3312 | D:5      | Found a transporter.
  3379 | D:5      | Reached skill level 7 in Axes
  3379 | D:5      | Reached XP level 7. HP: 56/56 MP: 9/9
  3481 | D:5      | Reached skill level 8 in Axes
  3885 | D:5      | Noticed Dittersdorf's ghost (novice GrFi)
  3925 | D:5      | Reached XP level 8. HP: 62/62 MP: 10/10
  3953 | D:6      | Found Zemil's Jewellery Shoppe.
  3973 | D:6      | Reached skill level 9 in Axes
  4197 | D:6      | Identified the +2 robe of the Tormentor {+Inv rElec Int+3}
  4629 | D:7      | Noticed Pikel
  4718 | D:6      | Killed Pikel
  4719 | D:6      | Reached skill level 10 in Axes
  4890 | D:6      | Reached skill level 11 in Axes
  4941 | D:6      | Reached XP level 9. HP: 60/68 MP: 11/11
  5305 | D:7      | Identified the +6 spear "Ganna" {elec, rPois Int+2}
  5624 | D:7      | Reached skill level 12 in Axes
  5898 | D:7      | Noticed BaconRulez's ghost (novice MiBe)
  5922 | D:7      | Found a transporter.
  5927 | D:7      | Found a transporter.
  6439 | D:8      | Reached skill level 13 in Axes
  6472 | D:8      | Noticed a two-headed ogre
  6776 | D:8      | Noticed a death yak
  6779 | D:8      | Noticed a death yak
  6780 | D:8      | Noticed a death yak
  6797 | D:7      | Killed a two-headed ogre
  6798 | D:7      | Reached XP level 10. HP: 51/74 MP: 9/13
  7182 | D:9      | Reached skill level 14 in Axes
  7799 | D:8      | Found a staircase to the Lair.
  8069 | D:9      | Reached skill level 15 in Axes
  8816 | D:9      | Found Yseomnyr's Lightly-Used Armoury.
  8932 | D:10     | Entered Level 10 of the Dungeon
  8932 | D:10     | Noticed a two-headed ogre
  8964 | D:10     | Noticed Grum
  8970 | D:10     | Reached XP level 11. HP: 48/81 MP: 8/14
  9020 | D:10     | Noticed Urug
  9053 | D:10     | Killed Urug
  9074 | D:10     | Reached skill level 1 in Armour
  9192 | D:10     | Found a flagged portal.
  9217 | Bailey   | Entered a bailey
 10643 | D:10     | Mangled by a white ugly thing

Illustrated notes

Levels and vault maps discovered:
D:1:      lightli_arrival_statue_moat, layout_loops_ring
D:2:      layout_loops_cross, minmay_three_crescents
D:3:      layout_basic, shapermc_ecumenical_altar_venn
D:4:      layout_loops_ring, cheibriados_altar_1, minmay_temple_entry_mist,
          serial_shops, nicolae_shop_crystal
D:5:      wander_river, layout_rooms, kiku_gazebo_garden_becter,
          gammafunk_ghost_abyssal_escape
D:6:      layout_loops_cross, amcnicky_altar_gilded, serial_shops,
          nicolae_shop_trees
D:7:      layout_rooms, gammafunk_ghost_hive, minmay_fractal_squares_diagonal_5,
          uniq_pikel
D:8:      layout_basic, general_overflow_altar, dpeg_lair_monsters,
          minmay_ruined_shrine
D:9:      layout_loops_ring, okawaru_altar_gauntlet_db,
          lemuel_mausoleum_altar_yredelemnul, ashenzari_conservatory_becter,
          minmay_shop_damaged, kennysheep_generic_room_10
D:10:     layout_basic, mainiacjoe_overflow_24_doors,
          mainiacjoe_overflow_catwalk, enter_bailey_3, uniq_urug, uniq_grum

Skill      XL: |  1  2  3  4  5  6  7  8  9 10 11 |
---------------+----------------------------------+-----
Maces & Flails | 2 |  2.5
Axes           | 1 3 4 5 7 8 11 13 15 | 15.9
Fighting       | 4 |  4.8
Armour         | 3 |  3.8
Dodging        | |  1.7
Stealth        | |  4.5

Action                     |  1- 3 |  4- 6 |  7- 9 | 10-12 || total
---------------------------+-------+-------+-------+-------++-------
  Melee: Mace              |    21 |    39 |    14 |       ||    74
         War axe           |    67 |   147 |   265 |   413 ||   892
         Punch             |       |     2 |     2 |     3 ||     7
   Fire: Sling             |       |     1 |       |       ||     1
  Throw: Dart              |       |     2 |     2 |     5 ||     9
  Evoke: Wand              |       |       |     1 |     5 ||     6
    Use: Potion            |     1 |     1 |     1 |     3 ||     6
         Scroll            |     1 |       |       |     1 ||     2
   Stab: Sleeping          |     7 |     2 |       |       ||     9
         Distracted        |       |     1 |       |       ||     1
         Invisible         |       |       |       |     2 ||     2
 Armour: Leather armour    |     5 |       |       |       ||     5
         Scale mail        |    34 |    46 |       |       ||    80
         Chain mail        |       |    63 |   150 |   195 ||   408
  Dodge: Dodged            |    59 |    70 |   109 |   193 ||   431

Table legend: (Time is in decaauts)
 A = Elapsed time spent in this place.
 B = Non-inter-level travel time spent in this place.
 C = Inter-level travel time spent in this place.
 D = Time resting spent in this place.
 E = Time spent auto-exploring this place.
 F = Levels seen in this place.
 G = Mean time per level.
                   A        B        C        D        E       F      G
               +--------+--------+--------+--------+--------+-----+--------+
         Total |  10573 |  10307 |    266 |   1266 |   6074 |  11 |  961.2 |
       Dungeon |   9270 |   9004 |    266 |   1015 |   5527 |  10 |  927.0 |
        Bailey |   1302 |   1302 |      0 |    251 |    547 |   1 | 1302.0 |
               +--------+--------+--------+--------+--------+-----+--------+

Top non-repeatable levels by time:
     D:9: 1660 daAuts
  Bailey: 1302 daAuts
     D:8: 1193 daAuts
     D:6: 1079 daAuts
     D:7: 1013 daAuts
     D:3: 973 daAuts
     D:1: 894 daAuts
     D:4: 750 daAuts
     D:2: 698 daAuts
     D:5: 693 daAuts
    D:10: 313 daAuts
